 Dungeon Sprint DCSS version 0.17-a0-1646-geb1493d (webtiles) character file.

1201 Kidiri the Covert (level 8, -7/36 HPs)
             Began as a Spriggan Enchanter on Aug 10, 2015.
             Was a Follower of Dithmenos.
             Mangled by a deep troll (15 damage)
             ... in the Dungeon (Sprint I: "Red Sonja").
             The game lasted 00:03:46 (816 turns).

Kidiri the Covert (Spriggan Enchanter)               Turns: 816, Time: 00:03:46

Health: -7/36      AC:  3    Str:  4    XL:     8   Next: 21%
Magic:  19/23      EV: 28    Int: 17    God:    Dithmenos [*.....]
Gold:   537        SH:  0    Dex: 18    Spells: 5 memorised, 15 levels left

rFire  . . .     SeeInvis +     l - +0 short sword (distort)
rCold  . . .     Clarity  .     b - +1 robe
rNeg   . . .     SustAt   .     (shield restricted)
rPois  .         Gourm    .     (helmet restricted)
rElec  .         Spirit   .     (no cloak)
rCorr  .         Warding  .     (gloves unavailable)
rMut   .         NoTele   +     (boots unavailable)
MR     +....                    (no amulet)
Stlth  +++++++...               (no ring)
                                (no ring)

@: wreathed by umbra, very quick, somewhat resistant to hostile enchantments,
extremely stealthy
A: unfitting armour, see invisible, herbivore 3, speed 3, slow metabolism 2
a: Renounce Religion


You were in the Dungeon.
You worshipped Dithmenos.
Dithmenos was aware of your devotion.
You were not hungry.

You visited 1 branch You collected 537 gold pieces.

Inventory:

Hand weapons
 a - a +1 dagger
 k - a +4 blowgun
 l - a +0 short sword of distortion (weapon)
Missiles
 m - 5 curare-tipped needles
Armour
 b - a +1 robe (worn)
Scrolls
 j - a scroll of blinking
Potions
 e - a potion of curing
 f - a potion of heal wounds
 g - a potion of haste
 h - 2 potions of magic
 i - a potion of berserk rage
Books
 c - a book of Maledictions

   Spells                             Type                      Level
   a - Corona                         Hexes                        1
   b - Ensorcelled Hibernation        Hexes/Ice                    2
   c - Confuse                        Hexes                        3
   d - Tukima's Dance                 Hexes                        3
   e - Dazzling Spray                 Conjuration/Hexes            3
Comestibles
 d - a bread ration


   Skills:
 + Level 6.3 Short Blades
 * Level 11.9 Dodging
 * Level 12.9 Stealth
 * Level 10.1 Spellcasting
 + Level 2.7 Conjurations
 + Level 7.9 Hexes
 + Level 4.2 Ice Magic
 + Level 3.8 Invocations


You had 15 spell levels left.
You knew the following spells:

 Your Spells              Type           Power        Failure   Level  Hunger
a - Corona                Hex            #####..      1%          1    None
b - Ensorcelled Hibernat  Hex/Ice        ####..       1%          2    None
c - Confuse               Hex            #####...     1%          3    None
d - Tukima's Dance        Hex            #####...     1%          3    None
e - Dazzling Spray        Conj/Hex       ####....     3%          3    None


Dungeon Overview and Level Annotations

Branches:
Dungeon (1/1)

Altars:
Cheibriados
Dithmenos
Elyvilon
Fedhas
Gozag
Kikubaaqudgha
Makhleb
Nemelex Xobeh
Okawaru
Qazlal
Ru
Sif Muna
Trog
Vehumet
Xom
Yredelemnul
Zin
The Shining One
Jiyva

Shops:
D (:


Innate Abilities, Weirdness & Mutations

You are tiny and cannot use many weapons and most armour.
You have supernaturally acute eyesight.
You are a herbivore.
You cover ground extremely quickly.
You need consume almost no food.


Message History

The deep troll claws you!
* * * LOW HITPOINT WARNING * * *
Unknown command.
You see here 27 gold pieces.
Casting: Dazzling Spray
Confirm with . or Enter, or press ? or * to list all spells.
Aiming: Ensorcelled Hibernation
Press: ? - help, Shift-Dir - straight line, f - deep troll
Aim: a deep troll (lightly wounded, chance to defeat MR: 40%)
The deep troll resists with some effort.
There is an open door here.
Casting: Ensorcelled Hibernation
Confirm with . or Enter, or press ? or * to list all spells.
Aiming: Ensorcelled Hibernation
Press: ? - help, Shift-Dir - straight line, f/p - deep troll
Aim: a deep troll (lightly wounded, chance to defeat MR: 40%)
The deep troll resists with some effort.
The deep troll misses you. x2
The deep troll claws you!
You die...

#..'..#..'..#..+^.+..#
#).#####+#####'#__####
#..####..#...#.####
#..#__####..##(#
#..#_..__##+#..+
#⌠⌠#_.∩..%+..._#
####_..._##_.#+#
#_____###'#.#
############@####+###
#∩^.......+..T'$$.$$+
###++++####.%.#######
##.## #+#


You could see a deep troll.

Vanquished Creatures
  Sonja (D)
  A slime creature (D)
  Sigmund (D)
  A yak (D)
  An ogre (D)
  Ijyb (D)
  A jelly (D)
7 creatures vanquished.

Notes
Turn   | Place    | Note
--------------------------------------------------------------
     0 | D        | Kidiri the Spriggan Enchanter began the quest for the Orb.
     0 | D        | Reached XP level 1. HP: 9/9 MP: 5/5
     2 | D        | Noticed Ijyb
    40 | D        | Killed Ijyb
    40 | D        | Reached skill level 5 in Dodging
    40 | D        | Reached skill level 6 in Stealth
    40 | D        | Reached XP level 2. HP: 7/13 MP: 2/8
    45 | D        | Learned a level 2 spell: Ensorcelled Hibernation
   183 | D        | Noticed an ogre
   190 | D        | Killed an ogre
   190 | D        | Reached skill level 7 in Dodging
   190 | D        | Reached skill level 8 in Stealth
   190 | D        | Reached skill level 5 in Spellcasting
   190 | D        | Reached skill level 5 in Hexes
   190 | D        | Reached skill level 1 in Ice Magic
   190 | D        | Reached XP level 3. HP: 16/16 MP: 4/11
   190 | D        | Reached XP level 4. HP: 21/21 MP: 4/12
   254 | D        | Noticed Sigmund
   257 | D        | Killed Sigmund
   257 | D        | Reached skill level 9 in Dodging
   257 | D        | Reached skill level 10 in Stealth
   257 | D        | Reached XP level 5. HP: 24/24 MP: 13/16
   289 | D        | Found a snail-covered altar of Cheibriados.
   289 | D        | Found a viscous altar of Jiyva.
   289 | D        | Found a shadowy altar of Dithmenos.
   289 | D        | Found a blossoming altar of Fedhas.
   289 | D        | Noticed a slime creature
   299 | D        | Learned a level 3 spell: Confuse
   303 | D        | Learned a level 3 spell: Tukima's Dance
   307 | D        | Learned a level 3 spell: Dazzling Spray
   445 | D        | Became a worshipper of Dithmenos the Shadowed
   449 | D        | Killed a slime creature
   449 | D        | Reached skill level 5 in Short Blades
   449 | D        | Reached skill level 10 in Dodging
   449 | D        | Reached skill level 11 in Stealth
   449 | D        | Reached skill level 1 in Conjurations
   449 | D        | Reached XP level 6. HP: 28/28 MP: 11/18
   596 | D        | Found a deep blue altar of Sif Muna.
   597 | D        | Noticed a jelly
   598 | D        | Found a radiant altar of Vehumet.
   602 | D        | Killed a jelly
   741 | D        | Found Ethricihi's Book Emporium.
   741 | D        | Found a white marble altar of Elyvilon.
   741 | D        | Found a stormy altar of Qazlal.
   741 | D        | Found a burning altar of Makhleb.
   741 | D        | Found a sacrificial altar of Ru.
   741 | D        | Found a basalt altar of Yredelemnul.
   741 | D        | Found a glowing golden altar of the Shining One.
   741 | D        | Found a sparkling altar of Nemelex Xobeh.
   741 | D        | Found a shimmering altar of Xom.
   741 | D        | Found an opulent altar of Gozag.
   741 | D        | Found an ancient bone altar of Kikubaaqudgha.
   741 | D        | Found a glowing silver altar of Zin.
   741 | D        | Noticed a yak
   742 | D        | Found an iron altar of Okawaru.
   743 | D        | Killed a yak
   743 | D        | Reached XP level 7. HP: 32/32 MP: 18/20
   744 | D        | Found a bloodstained altar of Trog.
   760 | D        | Noticed Sonja
   764 | D        | Killed Sonja
   764 | D        | Reached skill level 12 in Stealth
   764 | D        | Reached skill level 10 in Spellcasting
   764 | D        | Reached XP level 8. HP: 36/36 MP: 21/23
   782 | D        | Found Okeychef's Weapon Boutique.
   803 | D        | Noticed a deep troll
   816 | D        | Mangled by a deep troll

Vault maps used:
D:        dungeon_sprint_1

Action                   |  1- 3 |  4- 6 |  7- 9 || total
-------------------------+-------+-------+-------++-------
Melee: Dagger            |    20 |    25 |     1 ||    46
       Short sword       |       |       |     3 ||     3
 Cast: Corona            |     4 |       |       ||     4
       Ensorcelled Hiber |     1 |     1 |     2 ||     4
       Confuse           |       |     2 |       ||     2
       Dazzling Spray    |       |     1 |       ||     1
 Stab: Sleeping          |     2 |     3 |     1 ||     6
       Confused          |       |     1 |       ||     1
       Invisible         |       |     1 |       ||     1
